 Dungeon Crawl Stone Soup version 0.29-a0-520-gc852659d43 (webtiles) character file.

Game seed: 3543224159080747341

5051 Hubjo the Arsonist (level 10, -7/60 HPs)
             Began as a Deep Elf Fire Elementalist on May 31, 2022.
             Was an Initiate of Dithmenos.
             Mangled by a slime creature (13 damage)
             ... on level 8 of the Dungeon.
             The game lasted 00:17:57 (13926 turns).

Hubjo the Arsonist (Deep Elf Fire Elementalist)    Turns: 13926, Time: 00:17:57

Health: -7/60      AC:  8    Str:  3    XL:     10   Next: 31%
Magic:  0/25       EV: 13    Int: 25    God:    Dithmenos [......]
Gold:   634        SH:  0    Dex: 23    Spells: 16/27 levels left

rFire   + . .      SeeInvis .   G - +6 long sword of Puuross {pain, Dex+3}
rCold   . . .      Faith    .   (no shield)
rNeg    . . .      Spirit   +   z - +2 robe {rF+}
rPois   +          Reflect  .   c - +1 helmet
rElec   .          Harm     .   (no cloak)
rCorr   .          Rampage  .   (no gloves)
Will    +....                   l - +1 pair of boots
Stlth   +++++.....              e - amulet of guardian spirit
HPRegen 0.20/turn               p - ring of Monotheism {rPois Str-2 Dex+5}
MPRegen 0.19/turn               B - +4 ring of slaying

@: no status effects
A: no striking features
a: Renounce Religion


You were on level 8 of the Dungeon.
You worshipped Dithmenos.
Dithmenos was noncommittal.
You visited 2 branches of the dungeon, and saw 9 of its levels.

You collected 634 gold pieces.

Inventory:

Hand Weapons
 q - a +2 vorpal hand axe
 w - a +0 vorpal trident
 G - the +6 long sword of Puuross (weapon) {pain, Dex+3}
   (You found it on level 6 of the Dungeon)

   In the hands of one skilled in necromantic magic, it inflicts extra damage on
   living creatures.
   Dex:       It affects your dexterity (+3).
Missiles
 r - 2 throwing nets
Armour
 a - a +0 robe
 c - a +1 helmet (worn)
 l - a +1 pair of boots (worn)
 z - a +2 robe of fire resistance (worn)
 H - a +5 plate armour of ponderousness
Jewellery
 e - an amulet of guardian spirit (around neck)
 p - the ring of Monotheism (left hand) {rPois Str-2 Dex+5}
   (You found it on level 4 of the Dungeon)

   [ring of poison resistance]

   Str:       It affects your strength (-2).
   Dex:       It affects your dexterity (+5).
   rPois:     It protects you from poison.
 B - a +4 ring of slaying (right hand)
 J - a +6 ring of intelligence
Wands
 s - a wand of charming (13)
 E - a wand of iceblast (32)
Scrolls
 g - 3 scrolls of enchant weapon
 i - 2 scrolls of torment
 j - 2 scrolls of enchant armour
 m - a scroll of amnesia
 t - a scroll of silence
 A - a scroll of teleportation
 C - 4 scrolls of identify
 D - a scroll of vulnerability
 I - a scroll of noise {unknown}
Potions
 b - a potion of magic
 d - 2 potions of attraction {unknown}
 f - 4 potions of curing
 h - a potion of might
 k - 2 potions of haste {unknown}
 n - 3 potions of lignification {unknown}
 o - a potion of mutation {unknown}
 u - a potion of ambrosia
 v - a potion of degeneration {unknown}
 x - 2 potions of flight {unknown}
 F - 2 potions of brilliance


   Skills:
 + Level 5.9 Fighting
 - Level 2.4 Dodging
 + Level 9.2 Stealth
 + Level 9.4 Spellcasting
 - Level 1.1 Conjurations
 * Level 10.9 Fire Magic


You had 16 spell levels left.
You knew the following spells:

 Your Spells              Type           Power      Damage    Failure   Level
a - Foxfire               Conj/Fire      100%       2x1d9     1%          1
b - Flame Wave            Conj/Fire      41%        2d9       4%          4
c - Starburst             Conj/Fire      20%        6d7       56%         6

Your spell library contained the following spells:

 Spells                   Type           Power      Damage    Failure   Level
 Scorch                   Fire           100%       2d10      1%          2
 Conjure Flame            Conj/Fire      41%        6-21      1%          3
 Inner Flame              Hex/Fire       39%        N/A       1%          3
 Magic Dart               Conj           68%        1d6       3%          1
 Searing Ray              Conj           34%        2d5       4%          2
 Apportation              Tloc           22%        N/A       5%          1
 Blink                    Tloc           22%        N/A       8%          2
 Dazzling Flash           Conj/Hex       28%        N/A       13%         3
 Frozen Ramparts          Ice            22%        1d4       16%         3
 Lesser Beckoning         Tloc           11%        N/A       16%         3
 Fulminant Prism          Conj/Hex       7%         3d7       38%         4
 Iskenderun's Mystic Bla  Conj/Tloc      14%        2d5       38%         4
 Ice Form                 Ice/Tmut       11%        N/A       45%         4
 Summon Ice Beast         Ice/Summ       11%        N/A       45%         4
 Alistair's Intoxication  Tmut/Pois      7%         N/A       82%         5
 Manifold Assault         Tloc           11%        N/A       82%         5


Dungeon Overview and Level Annotations

Branches:
Dungeon (8/15)             Temple (1/1) D:7
   Lair: D:8-11

Altars:
Ashenzari
Cheibriados
Dithmenos
Elyvilon
Fedhas
Gozag
Hepliaklqana
Kikubaaqudgha
Makhleb
Nemelex Xobeh
Okawaru
Qazlal
Ru
Sif Muna
Trog
Uskayaw
Wu Jian
Xom
Yredelemnul
Zin
The Shining One


Message History

The flame wave engulfs the slime creature.
The slime creature is severely wounded.
The flame wave engulfs the jelly.
The jelly is almost dead.
The flame wave engulfs the endoplasm!
You kill the endoplasm!
Dithmenos accepts your kill.
The flame wave engulfs the fungus!
The fungus is lightly damaged.
You finish channelling waves of flame.
The slime creature closely misses you. The slime creature hits you!
* * * LOW HITPOINT WARNING * * *
You are too injured to fight recklessly!
Casting: Flame Wave (dangerous; 4% risk of failure)
Confirm with . or Enter, or press ? or * to list all spells.
You conjure some foxfire!
A nearby fungus withers and dies.
The slime creature hits you.
* * * LOW HITPOINT WARNING * * *
The slime creature hits you.
* * * LOW HITPOINT WARNING * * *
You slash the slime creature!
The slime creature is heavily wounded.
The foxfire hits the slime creature.
The slime creature is severely wounded.
The foxfire hits the slime creature.
The slime creature is almost dead.
The slime creature closely misses you. The slime creature barely misses you.
You barely miss the slime creature.
The slime creature is almost dead.
The slime creature misses you.
The slime creature hits you but does no damage.
You slash the slime creature!
You kill the slime creature!
Dithmenos accepts your kill. The slime creature hits you!
* * * LOW HITPOINT WARNING * * *
The jelly closely misses you.
The slime creature hits you but does no damage.
You feel better. The jelly closely misses you. The slime creature hits you!
You die...

#### #######.##..÷..[##.........
...####....#.#.#P.÷...##.........
##.)##.....#.#.#..÷...##.........
#..'...(..#)#.#P.....##.........
#..)........#.#....÷.##.........
##.'........#.#......##........†
#.##.......#.#......###........
#####......##..J÷..P# #........
##########@J....# #........
######## #........ ####
##........ #..###.).......
##...#.......... ####
####.......###.....
#..#########.....##..## ###...
#.#..≈≈§§§§.#..####..# ###.
#.#.≈...§.≈.#...# #..# ##


You could see a slime creature and a jelly.

Vanquished Creatures
  Pikel (D:8)
  Maurice (D:8)
  A hornet (D:8)
  A slime creature (D:8)
  Prince Ribbit (D:6)
  Menkaure (D:6)
  2 water moccasins (D:7)
  Pargi (D:3)
  3 ice beasts
  3 black bears
  An orc warrior (D:7)
  3 ogres
  3 centaurs (D:8)
  Blork the orc (D:4)
  3 bullfrogs
  6 kobold brigands
  3 lemures (D:8)
  5 necrophages
  2 scorpions
  2 howler monkeys
  6 hounds
  3 jellies
  4 orc priests
  Crazy Yiuf (D:4)
  2 iguanas
  4 orc wizards
  A mummy (D:8)
  Robin (D:2)
  11 gnolls
  8 adders
  A white imp (D:7)
  2 ufetubi
  2 dart slugs
  A worm (D:2)
  16 orcs
  7 ball pythons
  14 endoplasms
  2 giant cockroaches
  14 goblins
  18 hobgoblins
  4 jackals (D:5)
  8 quokkas
  6 bats
  5 frilled lizards
  18 kobolds
  26 rats
229 creatures vanquished.

Vanquished Creatures (collateral kills)
  A foxfire (D:1)
1 creature vanquished.

Vanquished Creatures (others)
  1322 foxfires
  2 fungi (D:8)
  12 toadstools (D:8)
1336 creatures vanquished.

Grand Total: 1566 creatures vanquished

Notes
Turn   | Place    | Note
-------+----------+-------------------------------------------
     0 | D:1      | Hubjo the Deep Elf Fire Elementalist began the quest for
                  | the Orb.
     0 | D:1      | Reached XP level 1. HP: 10/10 MP: 6/6
    11 | D:1      | Found a faded altar of an unknown god.
    92 | D:1      | Prayed at the altar of an unknown god.
    92 | D:1      | Became a worshipper of Elyvilon the Healer
    92 | D:1      | Reached * piety under Elyvilon
   319 | D:1      | Reached XP level 2. HP: 16/16 MP: 4/8
   554 | D:1      | Reached skill level 1 in Fighting
   825 | D:1      | Reached ** piety under Elyvilon
  1012 | D:1      | Reached XP level 3. HP: 18/20 MP: 5/9
  2140 | D:2      | Noticed Robin
  2158 | D:2      | Killed Robin
  2339 | D:2      | Reached XP level 4. HP: 26/26 MP: 8/11
  2632 | D:2      | Noticed an ogre
  2641 | D:2      | Killed an ogre
  2642 | D:2      | Reached skill level 4 in Fire Magic
  2642 | D:2      | Reached XP level 5. HP: 31/31 MP: 7/13
  3107 | D:2      | Reached *** piety under Elyvilon
  4629 | D:3      | Found a glowing silver altar of Zin.
  4630 | D:3      | Noticed Pargi
  4644 | D:3      | Killed Pargi
  4645 | D:3      | Reached skill level 5 in Fire Magic
  4645 | D:3      | Reached XP level 6. HP: 26/36 MP: 1/15
  4650 | D:3      | Learned a level 4 spell: Flame Wave
  4752 | D:3      | Reached **** piety under Elyvilon
  5123 | D:4      | Elyvilon protects you from harm!
  5124 | D:4      | Reached skill level 5 in Spellcasting
  5426 | D:4      | Identified the ring of Monotheism {rPois Str-2 Dex+5}
  5668 | D:4      | Reached XP level 7. HP: 21/41 MP: 2/16
  5916 | D:4      | Noticed Blork the orc
  5925 | D:4      | Killed Blork the orc
  5926 | D:4      | Reached skill level 5 in Stealth
  6165 | D:4      | Reached skill level 6 in Fire Magic
  6509 | D:4      | Found a runed translucent door.
  6510 | D:4      | Noticed Crazy Yiuf
  7144 | D:4      | Found an ornate altar of the Wu Jian Council.
  7241 | D:4      | Killed Crazy Yiuf
  7461 | D:5      | Entered Level 5 of the Dungeon
  7749 | D:5      | Reached XP level 8. HP: 48/48 MP: 7/19
  7759 | D:5      | Reached skill level 7 in Fire Magic
  8902 | D:5      | Learned a level 6 spell: Starburst
  8915 | D:6      | Reached skill level 8 in Fire Magic
  8919 | D:6      | Identified the +6 long sword of Puuross {pain, Dex+3}
  8960 | D:6      | Reached ***** piety under Elyvilon
  8981 | D:6      | Noticed Prince Ribbit
  8987 | D:6      | Killed Prince Ribbit
  9472 | D:6      | Found a sparkling altar of Nemelex Xobeh.
  9472 | D:6      | Found a transporter.
  9473 | D:6      | Noticed a six-headed hydra
  9819 | D:6      | Noticed Menkaure
  9824 | D:6      | Killed Menkaure
  9825 | D:6      | Reached XP level 9. HP: 52/52 MP: 17/22
 10275 | D:7      | Reached skill level 9 in Fire Magic
 10297 | D:7      | Reached skill level 5 in Fighting
 11242 | D:7      | Found a staircase to the Ecumenical Temple.
 11384 | Temple   | Entered the Ecumenical Temple
 11619 | Temple   | Fell from the grace of Elyvilon
 11619 | Temple   | Became a worshipper of Dithmenos the Shadowed
 11947 | D:8      | Found a shimmering blue altar of Sif Muna.
 12052 | D:8      | Noticed Pikel
 12072 | D:8      | Killed Pikel
 12073 | D:8      | Reached skill level 10 in Fire Magic
 12243 | D:8      | Reached XP level 10. HP: 59/59 MP: 18/24
 12514 | D:8      | Found an ancient bone altar of Kikubaaqudgha.
 12517 | D:8      | Found a blossoming altar of Fedhas.
 12796 | D:8      | Noticed Maurice
 12803 | D:8      | Killed Maurice
 12951 | D:8      | Found a snail-covered altar of Cheibriados.
 13925 | D:8      | HP: 1/60 [slime creature (9)]
 13926 | D:8      | Mangled by a slime creature

Illustrated notes

Levels and vault maps discovered:
D:1:      lightli_arrival_flooded_house, layout_basic, basic_ecumenical_altar
D:2:      layout_basic, uniq_robin
D:3:      layout_rooms, zin_scriptorium, minmay_misc_feat_pillars, uniq_pargi
D:4:      layout_basic, nicolae_wu_jian_immortal_techniques, minivault_11,
          minmay_rat_hole, uniq_crazy_yiuf_cottage, uniq_blork_the_orc
D:5:      layout_loops_ring
D:6:      layout_loops_ring, grunt_nemelex_the_gamble, nicolae_zen_rock_garden,
          minivault_1, uniq_menkaure, uniq_prince_ribbit1
D:7:      layout_gridville, temple_doors_cd
D:8:      cheibrodos_fertilizer, layout_layer_cave,
          grunt_temple_overflow_growth_and_decay, slow_altar_1,
          mainiacjoe_overflow_paths, grunt_ministairs_7, uniq_maurice,
          uniq_pikel
Temple:   dpeg_chambers_temple

Skill      XL: |  1  2  3  4  5  6  7  8  9 10 |
---------------+-------------------------------+-----
Fighting       | 1 2 3 4 5 |  5.9
Stealth        | 3 4 5 7 8 9 |  9.2
Spellcasting   | 4 5 6 7 8 9 |  9.4
Fire Magic     | 4 5 6 8 10 | 10.9
Dodging        | |  2.4
Conjurations   | |  1.1

Action                   |  1- 3 |  4- 6 |  7- 9 | 10-12 || total
-------------------------+-------+-------+-------+-------++-------
Melee: Unarmed           |     3 |       |       |       ||     3
       Hand axe          |       |       |    80 |       ||    80
       Long sword        |       |       |    13 |    15 ||    28
 Cast: Foxfire           |   150 |   236 |   305 |    85 ||   776
       Flame Wave        |       |       |     5 |     2 ||     7
  Use: Scroll            |     4 |     2 |     7 |     2 ||    15
       Potion            |     1 |       |     1 |     1 ||     3
 Stab: Sleeping          |       |       |     6 |     2 ||     8
       Distracted        |       |       |     1 |       ||     1
Armor: Robe              |     5 |    24 |    62 |    10 ||   101
Dodge: Dodged            |    11 |    42 |   116 |    12 ||   181

Table legend: (Time is in decaauts)
 A = Elapsed time spent in this place.
 B = Non-inter-level travel time spent in this place.
 C = Inter-level travel time spent in this place.
 D = Time resting spent in this place.
 E = Time spent auto-exploring this place.
 F = Levels seen in this place.
 G = Mean time per level.
                   A        B        C        D        E       F      G
               +--------+--------+--------+--------+--------+-----+--------+
         Total |  13977 |  13722 |    255 |    375 |  11604 |   9 | 1553.0 |
       Dungeon |  13708 |  13453 |    255 |    375 |  11413 |   8 | 1713.5 |
        Temple |    268 |    268 |      0 |      0 |    191 |   1 |  268.0 |
               +--------+--------+--------+--------+--------+-----+--------+

Top non-repeatable levels by time:
     D:2: 2380 daAuts
     D:4: 2346 daAuts
     D:8: 2252 daAuts
     D:1: 1708 daAuts
     D:6: 1614 daAuts
     D:5: 1456 daAuts
     D:3: 1024 daAuts
     D:7: 924 daAuts
  Temple: 268 daAuts
